 Dungeon Crawl Stone Soup version 0.21.1-1-g345015f (webtiles) character file.

1088 aMcNicky the Thaumaturge (level 8, -7/41 HPs)
             Began as a Deep Elf Conjurer on Mar 9, 2018.
             Mangled by a centaur (10 damage)
             ... on level 5 of the Dungeon.
             The game lasted 00:20:38 (6893 turns).

aMcNicky the Thaumaturge (Deep Elf Conjurer)        Turns: 6893, Time: 00:20:40

Health: -7/41      AC:  3    Str:  5    XL:     8   Next: 9%
Magic:  20/23      EV: 13    Int: 23    God:
Gold:   220        SH:  0    Dex: 15    Spells: 15/25 levels left

rFire    . . .     SeeInvis .   r - +0 quarterstaff
rCold    . . .     Gourm    .   (shield currently unavailable)
rNeg     . . .     Faith    .   a - +0 robe
rPois    +         Spirit   .   d - +0 helmet
rElec    .         Reflect  .   (no cloak)
rCorr    .         Harm     .   (no gloves)
MR       +....                  (no boots)
Stlth    ++........             (no amulet)
HPRegen  0.13/turn              k - ring of protection from magic
MPRegen  0.18/turn              t - ring of poison resistance

@: no status effects
A: no striking features
a: no special abilities


You were on level 5 of the Dungeon.
You were not hungry.

You visited 1 branch of the dungeon, and saw 6 of its levels.

You collected 220 gold pieces.

Inventory:

Hand Weapons
 r - a +0 quarterstaff (weapon)
Armour
 a - a +0 robe (worn)
 d - a +0 helmet (worn)
Jewellery
 f - a +2 ring of strength
 j - an uncursed ring of positive energy
 k - a ring of protection from magic (left hand)
 t - a ring of poison resistance (right hand)
 z - an uncursed ring of flight
 A - an uncursed ring of fire
Wands
 o - a wand of digging (16)
 q - a wand of random effects (8)
 u - a wand of iceblast (8)
 D - a wand of disintegration (12)
Scrolls
 h - a scroll of enchant weapon {unknown}
 i - 2 scrolls of fog
 l - 2 scrolls of remove curse {@r2}
 n - 3 scrolls of blinking
 y - a scroll of teleportation {unknown}
 C - a scroll of immolation {unknown}
Potions
 e - a potion of lignification {unknown}
 g - a potion of resistance {unknown}
 m - 2 potions of ambrosia {unknown}
 p - a potion of cancellation {unknown}
 s - a potion of flight {unknown}
 v - a potion of might {unknown}
 w - a potion of magic {unknown}
 x - a potion of berserk rage {unknown}
 B - a potion of heal wounds {unknown}
Books
 b - a book of Conjurations

   Spells                             Type                      Level
   a - Magic Dart                     Conjuration                  1
   b - Searing Ray                    Conjuration                  2
   c - Dazzling Spray                 Conjuration/Hexes            3
   d - Fulminant Prism                Conjuration/Hexes            4
   e - Force Lance                    Conjuration/Translocation    4
   f - Iskenderun's Mystic Blast      Conjuration                  4
Comestibles
 c - a ration
 E - 4 chunks of flesh


   Skills:
 - Level 2.4 Dodging
 - Level 2.4 Stealth
 + Level 9.2 Spellcasting
 + Level 8.6 Conjurations


You had 15 spell levels left.
You knew the following spells:

 Your Spells              Type           Power        Failure   Level  Hunger
a - Magic Dart            Conj           ####         1%          1    None
b - Dazzling Spray        Conj/Hex       ####..       3%          3    None
c - Searing Ray           Conj           ######       1%          2    None
d - Iskenderun's Mystic   Conj           ######..     1%          4    ##.....


Dungeon Overview and Level Annotations

Branches:
Dungeon (6/15)
 Temple: D:4-7

Altars:
Ru
Trog
Wu Jian
Yredelemnul

Shops:
D:4 ?

Annotations:
D:6 Dowan, Duvessa


Message History

The orc warrior hits you with a dire flail!
The orc warrior hits you with a dire flail!!
* * * LOW HITPOINT WARNING * * *
Duvessa, Sister of Dowan comes into view.
She is wielding a rapier.
There is a stone staircase leading up, spattered with blood here.
The centaur hits you!
* * * LOW HITPOINT WARNING * * *
Duvessa moves out of view.
You climb upwards.
There is a stone staircase leading down here.
Casting: Magic Dart
Confirm with . or Enter, or press ? or * to list all spells.
Aiming: Dazzling Spray
Press: ? - help, Shift-Dir - straight line, f - centaur
Aim: a centaur The spray of energy hits the centaur.
The centaur is lightly wounded.
The centaur is dazzled.
The centaur barely misses you. The orc warrior misses you.
The centaur hits you!
You die...

#############
#.####....#####.##
###########.##......## #...
#........##.##.......######.
#..)........................
#........#.........##.######
#...........##.....##...###
#######.###.##............#
#....# #c##.....###..#.##
##.#### #@##.....# ##.....
#..# #o#####..# #......
##.## #.# #...# #.###.. #..#
#.## #.#.###.####. #.## #..#
#.#<......... #.##### ##.#
#.##..#######
#.....#####.###.#..##
#####.(...#..#....##
##..........###


You could see an orc warrior and a centaur (blind).

Vanquished Creatures
  Sigmund (D:3)
  Edmund (D:4)
  An ogre (D:5)
  2 bullfrogs (D:6)
  3 scorpions
  The ghost of dscm the Skirmisher, a weakling DsFi (D:4)
  A howler monkey (D:4)
  An orc priest (D:6)
  2 orc wizards
  Terence (D:3)
  An iguana (D:5)
  A worker ant (D:2)
  Robin (D:2)
  4 gnolls (D:5)
  5 adders (D:2)
  3 river rats (D:4)
  An ooze (D:5)
  2 worms
  10 dart slugs
  A leopard gecko (D:5)
  3 orcs
  A ball python (D:1)
  7 giant cockroaches
  14 goblins
  8 hobgoblins
  2 quokkas
  5 bats
  6 frilled lizards
  4 kobolds
  9 rats
102 creatures vanquished.

Notes
Turn   | Place    | Note
-------+----------+-------------------------------------------
     0 | D:1      | aMcNicky the Deep Elf Conjurer began the quest for the Orb.
     0 | D:1      | Reached XP level 1. HP: 10/10 MP: 6/6
   590 | D:1      | Reached XP level 2. HP: 15/15 MP: 4/8
  1099 | D:2      | Reached skill level 4 in Spellcasting
  1101 | D:2      | Reached XP level 3. HP: 19/19 MP: 5/10
  1121 | D:2      | Reached skill level 5 in Conjurations
  1341 | D:2      | Reached XP level 4. HP: 24/24 MP: 10/12
  1586 | D:2      | Reached skill level 5 in Spellcasting
  1842 | D:2      | Found an ornate altar of the Wu Jian Council.
  1872 | D:3      | Noticed Robin
  2069 | D:2      | Killed Robin
  2556 | D:3      | Reached XP level 5. HP: 23/28 MP: 10/14
  3153 | D:3      | Learned a level 3 spell: Dazzling Spray
  3156 | D:3      | Learned a level 2 spell: Searing Ray
  3161 | D:3      | Learned a level 4 spell: Iskenderun's Mystic Blast
  3255 | D:3      | Noticed Sigmund
  3265 | D:3      | Killed Sigmund
  3265 | D:3      | Reached skill level 6 in Spellcasting
  3265 | D:3      | Reached XP level 6. HP: 8/32 MP: 7/17
  3540 | D:3      | Noticed Terence
  3547 | D:3      | Killed Terence
  3853 | D:4      | Noticed Edmund
  3868 | D:5      | Entered Level 5 of the Dungeon
  4014 | D:5      | Reached skill level 7 in Spellcasting
  4045 | D:5      | Found a basalt altar of Yredelemnul.
  4244 | D:5      | Reached XP level 7. HP: 36/36 MP: 12/19
  4629 | D:4      | Killed Edmund
  4629 | D:4      | Reached skill level 8 in Spellcasting
  4928 | D:4      | Found a bloodstained altar of Trog.
  5058 | D:4      | Found a sacrificial altar of Ru.
  5088 | D:4      | Noticed dscm's ghost (weakling DsFi)
  5094 | D:4      | Killed dscm's ghost
  5307 | D:4      | Found Tuhymmen's Magic Scroll Shop.
  6524 | D:5      | Reached skill level 9 in Spellcasting
  6733 | D:6      | Reached XP level 8. HP: 22/41 MP: 14/23
  6748 | D:6      | Noticed Dowan
  6891 | D:6      | Noticed Duvessa
  6893 | D:5      | Mangled by a centaur

Skill      XL: |  1  2  3  4  5  6  7 |
---------------+----------------------+-----
Spellcasting   | 4 5 6 7 9 |  9.2
Conjurations   | 5 6 7 8 |  8.6
Dodging        | |  2.4
Stealth        | |  2.4

Action                   |  1- 3 |  4- 6 |  7- 9 || total
-------------------------+-------+-------+-------++-------
Melee: Unarmed           |    15 |     1 |       ||    16
 Cast: Magic Dart        |    53 |   129 |    79 ||   261
       Searing Ray       |       |     5 |    10 ||    15
       Dazzling Spray    |       |       |     8 ||     8
  Use: Scroll            |       |     5 |     1 ||     6
  Eat: Chunk             |     1 |     6 |     1 ||     8
       Ration            |       |     1 |     2 ||     3
Armor: Robe              |     6 |     1 |     4 ||    11
Dodge: Dodged            |    20 |    61 |    15 ||    96
